MID
CLINTON LUMBERKINGS @ LANSING LUGNUTS
07/17/2048
 
TOP OF THE 1ST
Clinton LumberKings batting - Pitching for Lansing Lugnuts : RHP William Cordero
Pitching: RHP William Cordero
Batting: RHB Antonio Oyola 0-0: Ball
1-0: Ball
2-0: Ball
3-0: Called Strike
3-1: Called Strike
3-2: Ground out 4-3 (Groundball, 4, EV 87.5 MPH)
Batting: RHB Ivan Davila 0-0: Ball
1-0: Called Strike
1-1: Swinging Strike
1-2: Strikes out swinging
Batting: LHB Jason Kinney 0-0: Foul Ball, location: 2F
0-1: Called Strike
0-2: Strikes out looking
Top of the 1st over - 0 runs, 0 hits, 0 errors, 0 left on base; Clinton 0 - Lansing 0
BOTTOM OF THE 1ST
Lansing Lugnuts batting - Pitching for Clinton LumberKings : LHP Carlos Munoz
Pitching: LHP Carlos Munoz
Batting: RHB Scott Travis 0-0: Ball
1-0: Foul Ball, location: 2F
1-1: Swinging Strike
1-2: Strikes out looking
Batting: SHB Gregg Whitecotton 0-0: Called Strike
0-1: Called Strike
0-2: Strikes out swinging
Batting: RHB John Michener 0-0: Ball
1-0: Ball
2-0: Swinging Strike
2-1: Foul Ball, location: 2F
2-2: Strikes out swinging
Bottom of the 1st over - 0 runs, 0 hits, 0 errors, 0 left on base; Clinton 0 - Lansing 0
TOP OF THE 2ND
Clinton LumberKings batting - Pitching for Lansing Lugnuts : RHP William Cordero
Batting: RHB Kinzo Yokoyama 0-0: Ball
1-0: Foul Ball, location: 2F
1-1: Foul Ball, location: 2F
1-2: Strikes out swinging
Batting: RHB Chris Skaff 0-0: Ball
1-0: Ball
2-0: Foul Ball, location: 2F
2-1: Ball
3-1: Base on Balls
Batting: RHB Rich Justice 0-0: Foul Ball, location: 2F
0-1: Called Strike
0-2: Grounds into double play, 4-6-3 (Groundball, 34S, EV 84.4 MPH)
Top of the 2nd over - 0 runs, 0 hits, 0 errors, 0 left on base; Clinton 0 - Lansing 0
BOTTOM OF THE 2ND
Lansing Lugnuts batting - Pitching for Clinton LumberKings : LHP Carlos Munoz
Batting: RHB Raul de la Cruz 0-0: Ball
1-0: Called Strike
1-1: Ball
2-1: Foul Ball, location: 2F
2-2: Strikes out swinging
Batting: RHB John Hering 0-0: Called Strike
0-1: Ball
1-1: Ground out 5-3 (Groundball, 5L, EV 97.5 MPH)
Batting: LHB Roger Escareno 0-0: Called Strike
0-1: Ground out 6-3 (Groundball, 6, EV 88.8 MPH)
Bottom of the 2nd over - 0 runs, 0 hits, 0 errors, 0 left on base; Clinton 0 - Lansing 0
TOP OF THE 3RD
Clinton LumberKings batting - Pitching for Lansing Lugnuts : RHP William Cordero
Batting: SHB Raghnall Ahearne 0-0: Foul Ball, location: 2F
0-1: Foul Ball, location: 2F
0-2: Foul Ball, location: 2F
0-2: Strikes out looking
Batting: RHB Tze-meng Li 0-0: Ball
1-0: Ground out 5-3 (Groundball, 5, EV 85.6 MPH)
Batting: RHB David Greene 0-0: Swinging Strike
0-1: Swinging Strike
0-2: Strikes out swinging
Top of the 3rd over - 0 runs, 0 hits, 0 errors, 0 left on base; Clinton 0 - Lansing 0
BOTTOM OF THE 3RD
Lansing Lugnuts batting - Pitching for Clinton LumberKings : LHP Carlos Munoz
Batting: LHB Timo Gomez 0-0: Foul Ball, location: 2F
0-1: Ball
1-1: Ball
2-1: Called Strike
2-2: Ball
3-2: Ground out 1-4-3 (Groundball, 15S, EV 102.5 MPH)
Batting: RHB Tristan Dennis 0-0: DOUBLE (Line Drive, 3D, EV 102.5 MPH)
Batting: LHB Julio Canseco 0-0: Called Strike
0-1: Ball
1-1: Ball
2-1: Ball
3-1: Swinging Strike
3-2: Base on Balls
Batting: RHB Scott Travis 0-0: Foul Ball, location: 2F
0-1: Ball
1-1: Ball
2-1: Ball
3-1: Base on Balls
Tristan Dennis to third
Julio Canseco to second
Batting: SHB Gregg Whitecotton 0-0: Ball
1-0: Called Strike
1-1: Swinging Strike
1-2: Foul Ball, location: 2F
1-2: Ball
2-2: Strikes out swinging
Batting: RHB John Michener 0-0: Ball
1-0: Called Strike
1-1: Ball
2-1: Called Strike
2-2: Strikes out swinging
Bottom of the 3rd over - 0 runs, 1 hit, 0 errors, 3 left on base; Clinton 0 - Lansing 0
TOP OF THE 4TH
Clinton LumberKings batting - Pitching for Lansing Lugnuts : RHP William Cordero
Batting: RHB Antonio Oyola 0-0: Foul Ball, location: 2F
0-1: Ground out 4-3 (Groundball, 4S, EV 68.8 MPH)
Batting: RHB Ivan Davila 0-0: Ball
1-0: Ball
2-0: Ball
3-0: Foul Ball, location: 2F
3-1: Foul Ball, location: 2F
3-2: Foul Ball, location: 2F
3-2: Ground out 5-3 (Groundball, 5, EV 80.6 MPH)
Batting: LHB Jason Kinney 0-0: Called Strike
0-1: Ball
1-1: Called Strike
1-2: Ball
2-2: Foul Ball, location: 2F
2-2: Strikes out looking
Top of the 4th over - 0 runs, 0 hits, 0 errors, 0 left on base; Clinton 0 - Lansing 0
BOTTOM OF THE 4TH
Lansing Lugnuts batting - Pitching for Clinton LumberKings : LHP Carlos Munoz
Batting: RHB Raul de la Cruz 0-0: Ball
1-0: Ball
2-0: Ball
3-0: Called Strike
3-1: Swinging Strike
3-2: SINGLE (Groundball, 6S, EV 71.9 MPH) (infield hit)
Batting: RHB John Hering 0-0: Ball
1-0: Swinging Strike
1-1: 2-RUN HOME RUN (Flyball, 7D, EV 94.4 MPH), Distance : 353 ft
Batting: LHB Roger Escareno 0-0: Ball
1-0: Ball
2-0: Ball
3-0: Called Strike
3-1: Foul Ball, location: 2F
3-2: Foul Ball, location: 2F
3-2: Ground out U3 (Groundball, 3, EV 81.9 MPH)
Batting: LHB Timo Gomez 0-0: Swinging Strike
0-1: Foul Ball, location: 2F
0-2: Ground out 1-3 (Groundball, 34S, EV 73.8 MPH)
Batting: RHB Tristan Dennis 0-0: Ball
1-0: Called Strike
1-1: Called Strike
1-2: Ball
2-2: Fly out, F9 (Flyball, 9S, EV 96.2 MPH)
Bottom of the 4th over - 2 runs, 2 hits, 0 errors, 0 left on base; Clinton 0 - Lansing 2
TOP OF THE 5TH
Clinton LumberKings batting - Pitching for Lansing Lugnuts : RHP William Cordero
Batting: RHB Kinzo Yokoyama 0-0: Ball
1-0: Ball
2-0: Called Strike
2-1: Foul Ball, location: 2F
2-2: Ball
3-2: SINGLE (Groundball, 4M, EV 96.2 MPH)
Batting: RHB Chris Skaff 0-0: Swinging Strike
0-1: Ball
1-1: Ball
2-1: Foul Ball, location: 2F
2-2: Ball
3-2: Base on Balls
Kinzo Yokoyama to second
Batting: RHB Rich Justice 0-0: Foul Ball, location: 2F
0-1: Fielders Choice at 2nd, 3-6 (Groundball, 34S, EV 80.0 MPH)
Kinzo Yokoyama to third
Batting: SHB Raghnall Ahearne 0-0: Called Strike
0-1: Ball
1-1: Ball
2-1: Ball
3-1: Foul Ball, location: 2F
3-2: Strikes out swinging
Batting: RHB Tze-meng Li 0-0: Ball
1-0: Ball
2-0: Fielders Choice at 2nd, 6-4 (Groundball, 6, EV 89.4 MPH)
Top of the 5th over - 0 runs, 1 hit, 0 errors, 2 left on base; Clinton 0 - Lansing 2
BOTTOM OF THE 5TH
Lansing Lugnuts batting - Pitching for Clinton LumberKings : LHP Carlos Munoz
Batting: LHB Julio Canseco 0-0: Ball
1-0: Ground out 4-3 (Groundball, 4, EV 83.1 MPH)
Batting: RHB Scott Travis 0-0: Ball
1-0: Ground out 6-3 (Groundball, 6, EV 85.0 MPH)
Batting: SHB Gregg Whitecotton 0-0: Ball
1-0: Ground out 4-3 (Groundball, 4, EV 105.0 MPH)
Bottom of the 5th over - 0 runs, 0 hits, 0 errors, 0 left on base; Clinton 0 - Lansing 2
TOP OF THE 6TH
Clinton LumberKings batting - Pitching for Lansing Lugnuts : RHP William Cordero
Batting: RHB David Greene 0-0: Foul Ball, location: 2F
0-1: Ball
1-1: Ground out 6-3 (Groundball, 6, EV 101.9 MPH)
Batting: RHB Antonio Oyola 0-0: Called Strike
0-1: Ground out 6-3 (Groundball, 6MS, EV 68.8 MPH)
Batting: RHB Ivan Davila 0-0: Ball
1-0: SINGLE (Line Drive, 9S, EV 101.9 MPH)
Batting: LHB Jason Kinney 0-0: Foul Ball, location: 2F
0-1: Ball
1-1: Ball
2-1: Ball
3-1: Foul Ball, location: 2F
3-2: Foul Ball, location: 2F
3-2: DOUBLE (Flyball, 8LXD, EV 111.2 MPH)
Ivan Davila to third
Ivan Davila scores
Batting: RHB Kinzo Yokoyama 0-0: Ball
1-0: Ground out 6-3 (Groundball, 6, EV 80.0 MPH)
Top of the 6th over - 1 run, 2 hits, 0 errors, 1 left on base; Clinton 1 - Lansing 2
BOTTOM OF THE 6TH
Lansing Lugnuts batting - Pitching for Clinton LumberKings : LHP Carlos Munoz
Pitching: RHP Daniel Villalobos
Batting: RHB John Michener 0-0: Ball
1-0: Ball
2-0: Foul Ball, location: 2F
2-1: Ground out 6-3 (Groundball, 6, EV 88.8 MPH)
Batting: RHB Raul de la Cruz 0-0: Ball
1-0: Ball
2-0: Ball
3-0: Base on Balls
Batting: RHB John Hering 0-0: Called Strike
0-1: Ball
1-1: Swinging Strike
1-2: Strikes out swinging
Raul de la Cruz steals 2nd base
Batter strikes out.
Batting: LHB Roger Escareno 0-0: Called Strike
0-1: SINGLE (Groundball, 56D, EV 103.1 MPH)
Raul de la Cruz to third
Batting: LHB Timo Gomez 0-0: Ball
1-0: Ball
2-0: Ball
3-0: Base on Balls
Roger Escareno to second
Batting: RHB Tristan Dennis 0-0: SINGLE (Groundball, 4MD, EV 96.9 MPH)
Raul de la Cruz scores
Roger Escareno to third
Timo Gomez to second
Runner from 3rd tries for Home, SAFE, throw by CF to home
Batting: LHB Julio Canseco 0-0: Fly out, F8 (Flyball, 8LS, EV 96.2 MPH)
Bottom of the 6th over - 2 runs, 2 hits, 0 errors, 2 left on base; Clinton 1 - Lansing 4
TOP OF THE 7TH
Clinton LumberKings batting - Pitching for Lansing Lugnuts : RHP William Cordero
Now in LF: Frank Nelson
Now in CF: Timo Gomez
Batting: RHB Chris Skaff 0-0: Ball
1-0: Ball
2-0: Called Strike
2-1: Swinging Strike
2-2: Strikes out looking
Batting: RHB Rich Justice 0-0: Swinging Strike
0-1: Ball
1-1: Fly out, F8 (Flyball, 8RD, EV 101.2 MPH)
Batting: SHB Raghnall Ahearne 0-0: Ball
1-0: Called Strike
1-1: Foul Ball, location: 2F
1-2: Fly out, F5 (Line Drive, 5L, EV 68.8 MPH)
Top of the 7th over - 0 runs, 0 hits, 0 errors, 0 left on base; Clinton 1 - Lansing 4
BOTTOM OF THE 7TH
Lansing Lugnuts batting - Pitching for Clinton LumberKings : RHP Daniel Villalobos
Pitching: RHP Bryce Blanksby
Batting: LHB Frank Nelson 0-0: Called Strike
0-1: Ball
1-1: Swinging Strike
1-2: Ball
2-2: SINGLE (Line Drive, 34, EV 110.0 MPH)
Batting: SHB Gregg Whitecotton 0-0: Swinging Strike
0-1: Bunted foul
0-2: Foul Ball, location: 2F
0-2: Ball
1-2: Ball
2-2: Ball
3-2: Base on Balls
Frank Nelson to second
Batting: RHB John Michener 0-0: Fly out, F8 (Flyball, 78S, EV 82.5 MPH)
Batting: RHB Raul de la Cruz 0-0: Ball
Frank Nelson is caught stealing 3rd base 2-5
Gregg Whitecotton to second
1-0: Foul Ball, location: 2F
1-1: DOUBLE (Groundball, 5L, EV 106.2 MPH)
Gregg Whitecotton scores
Batting: RHB John Hering 0-0: Ball
Wild Pitch!
Raul de la Cruz to third
1-0: Hit by Pitch
Batting: LHB Roger Escareno 0-0: Ground out U3 (Groundball, 3, EV 78.1 MPH)
Bottom of the 7th over - 1 run, 2 hits, 0 errors, 2 left on base; Clinton 1 - Lansing 5
TOP OF THE 8TH
Clinton LumberKings batting - Pitching for Lansing Lugnuts : RHP William Cordero
Pitching: RHP Bill Couch
Now in LF: Timo Gomez
Now in CF: Jose Ontiveros
Batting: RHB Tze-meng Li 0-0: Ball
1-0: Called Strike
1-1: Ball
2-1: Ball
3-1: Swinging Strike
3-2: Foul Ball, location: 2F
3-2: Foul Ball, location: 2F
3-2: Fly out, F8 (Flyball, 8RS, EV 76.9 MPH)
Batting: RHB David Greene 0-0: Swinging Strike
0-1: Called Strike
0-2: Ball
1-2: Foul Ball, location: 2F
1-2: Ball
2-2: Foul Ball, location: 2F
2-2: Strikes out looking
Batting: RHB Antonio Oyola 0-0: Foul Ball, location: 2F
0-1: Ball
1-1: Foul Ball, location: 2F
1-2: Foul Ball, location: 2F
1-2: Ball
2-2: Foul Ball, location: 2F
2-2: Fly out, F8 (Flyball, 8LD, EV 90.6 MPH)
Top of the 8th over - 0 runs, 0 hits, 0 errors, 0 left on base; Clinton 1 - Lansing 5
BOTTOM OF THE 8TH
Lansing Lugnuts batting - Pitching for Clinton LumberKings : RHP Bryce Blanksby
Pitching: LHP Kevin Roberts
Batting: LHB Timo Gomez 0-0: Ball
1-0: Foul Ball, location: 2F
1-1: Foul Ball, location: 2F
1-2: Ball
2-2: Strikes out swinging
Batting: RHB Tristan Dennis 0-0: Swinging Strike
0-1: Fly out, F6 (Line Drive, 6, EV 68.1 MPH)
Batting: LHB Julio Canseco 0-0: Called Strike
0-1: Ground out 5-3 (Groundball, 56, EV 91.2 MPH)
Bottom of the 8th over - 0 runs, 0 hits, 0 errors, 0 left on base; Clinton 1 - Lansing 5
TOP OF THE 9TH
Clinton LumberKings batting - Pitching for Lansing Lugnuts : RHP Bill Couch
Pitching: RHP Steve Schultz
Batting: RHB Ivan Davila 0-0: Ball
1-0: Swinging Strike
1-1: Swinging Strike
1-2: Ball
2-2: Ball
3-2: Base on Balls
Batting: LHB Jason Kinney 0-0: Called Strike
0-1: Foul Ball, location: 2F
0-2: Ball
1-2: Strikes out swinging
Batting: RHB Kinzo Yokoyama 0-0: Called Strike
0-1: Ball
1-1: Fielders Choice at 2nd, 5-4 (Groundball, 56, EV 102.5 MPH)
Batting: RHB Chris Skaff 0-0: Ball
1-0: Called Strike
1-1: Foul Ball, location: 2F
1-2: Ball
2-2: Ball
3-2: Base on Balls
Kinzo Yokoyama to second
Pitching: LHP Nick Burnstein
Batting: RHB Rich Justice 0-0: Called Strike
0-1: Ball
1-1: Foul Ball, location: 2F
1-2: Strikes out swinging
Top of the 9th over - 0 runs, 0 hits, 0 errors, 2 left on base; Clinton 1 - Lansing 5
Tuesday, March 28th , 2023 - OOTP Baseball 23.10 Build 110